 Dungeon Crawl Stone Soup version 0.24-a0-769-g368c1644f8 (webtiles) character file.

Game seed: 9104545269324534802, levelgen mode: deterministic

2373 Erk the Shield-Bearer (level 9, -3/69 HPs)
             Began as a Human Fighter on Oct 5, 2019.
             Was a Believer of Dithmenos.
             Slain by a killer bee (7 damage)
             ... on level 6 of the Dungeon.
             The game lasted 00:46:55 (6194 turns).

Erk the Shield-Bearer (Human Fighter)               Turns: 6194, Time: 00:46:58

Health: -3/69      AC:  3    Str: 21    XL:     9   Next: 73%
Magic:  0/9        EV: 11    Int:  8    God:    Dithmenos [**....]
Gold:   288        SH: 17    Dex: 16    Spells: 8/8 levels left

rFire    . . .     SeeInvis .   v - +5 dagger
rCold    . . .     Gourm    .   p - +2 large shield
rNeg     . . .     Faith    .   (no armour)
rPois    .         Spirit   +   t - +2 hat
rElec    .         Reflect  .   (no cloak)
rCorr    .         Harm     .   m - +0 pair of gloves
MR       .....                  (no boots)
Stlth    ++++......             d - amulet of guardian spirit
HPRegen  0.21/turn              u - +4 ring of strength
MPRegen  0.11/turn              (no ring)

@: lethally poisoned (-3 -> -4), wreathed by umbra
A: no striking features
a: Shadow Step, Renounce Religion


You were on level 6 of the Dungeon.
You worshipped Dithmenos.
Dithmenos was pleased with you.
You were hungry.

You visited 2 branches of the dungeon, and saw 9 of its levels.

You collected 288 gold pieces.

Inventory:

Hand Weapons
 a - a +1 rapier
 o - a +3 shortbow
 s - a +1 morningstar of holy wrath
 v - a +5 dagger (weapon)
Missiles
 g - 8 datura-tipped darts
 i - 6 atropa-tipped darts
 j - 19 poisoned darts (quivered)
 n - 2 javelins
Armour
 c - a +0 leather armour
 h - a +0 plate armour
 m - a +0 pair of gloves (worn)
 p - a +2 large shield (worn)
 t - a +2 hat (worn)
 w - the cursed +1 robe of Baldness {+Fly rPois Int+2}
   (You found it on level 7 of the Dungeon)

   It affects your intelligence (+2).
   It protects you from poison.
   It lets you fly.
   It has a curse placed upon it.
Jewellery
 d - an amulet of guardian spirit (around neck)
 u - a +4 ring of strength (left hand)
Scrolls
 e - a scroll of amnesia
 k - a scroll of identify
 q - 3 scrolls of magic mapping
 r - 2 scrolls of enchant armour
Potions
 b - a potion of flight
Comestibles
 f - 19 rations


   Skills:
 + Level 6.1 Fighting
 + Level 5.0 Short Blades
 + Level 4.3 Throwing
 - Level 3.0 Armour
 + Level 4.4 Dodging
 + Level 5.8 Stealth
 + Level 6.1 Shields


You had 8 spell levels left.
You didn't know any spells.
Your spell library was empty.

Dungeon Overview and Level Annotations

Branches:
Dungeon (8/15)             Temple (1/1) D:7
   Lair: D:8-11

Altars:
Cheibriados
Dithmenos
Elyvilon
Fedhas
Gozag
Okawaru
Trog

Annotations:
D:3 1 runed translucent door, exclusion: player ghost, Golodhrim's ghost, amateur MiFi
D:7 exclusion: ugly thing


Message History

You feel sick. The killer bee barely misses you.
You block the killer bee's attack.
You feel sick. You block the killer bee's attack. The killer bee stings you!
* * * LOW HITPOINT WARNING * * *
The killer bee stings you!
* * * LOW HITPOINT WARNING * * *
There is a stone staircase leading up here.
You feel sick. You block the killer bee's attack.
The killer bee barely misses you.
The killer bee stings you but does no damage.
You block the killer bee's attack.
You climb upwards.
There is a stone staircase leading down here.
You hit the killer bee.
The killer bee is heavily wounded.
You feel sick. The killer bee barely misses you.
You block the killer bee's attack. The killer bee stings you.
* * * LOW HITPOINT WARNING * * *
The killer bee stings you!
You die...

#.# ##.#..........####
#.# #.......#####.....
#.# #..##.### #.#### #.#
#..##.## #.#
###.####..#...######.####
#........................
#........##...######.####
#.......y###.#### #.#
#.......@# #....# #.####
#......y#######.# #....#
#.........# #.# ####.#
#.......#.# #.# #.#
####......# #.# #.#
#####..# #.# #.# #..#
#.#######.# #..#
#.......... #..#
#########..


You could see 2 killer bees.

Vanquished Creatures
  Sigmund (D:4)
  A steam dragon (D:6)
  An orc warrior (D:5)
  2 phantoms
  3 sky beasts
  3 ogres
  3 centaurs
  3 bullfrogs
  3 scorpions (D:5)
  3 hounds
  4 crimson imps
  A jelly (D:5)
  3 orc wizards
  An orc priest (D:6)
  2 iguanas (D:5)
  3 worker ants
  2 hound skeletons
  A gnoll (D:1)
  6 adders
  A shadow imp (D:6)
  4 oozes
  2 adder zombies (D:5)
  2 adder skeletons (D:4)
  3 worms
  7 leopard geckos
  14 orcs
  2 ball pythons (D:1)
  9 bats
  4 giant cockroaches
  7 goblins
  6 hobgoblins
  10 kobolds
  3 quokkas
  6 frilled lizards
  A leopard gecko skeleton (D:4)
  A quokka zombie (D:6)
  8 rats
136 creatures vanquished.

Notes
Turn   | Place    | Note
-------+----------+-------------------------------------------
     0 | D:1      | Erk the Human Fighter began the quest for the Orb.
     0 | D:1      | Reached XP level 1. HP: 18/18 MP: 1/1
    21 | D:1      | Reached XP level 2. HP: 23/24 MP: 2/2
    48 | D:1      | Reached skill level 1 in Stealth
   214 | D:1      | Reached XP level 3. HP: 29/29 MP: 3/3
   655 | D:1      | Reached XP level 4. HP: 28/35 MP: 4/4
  1462 | D:2      | Reached XP level 5. HP: 42/42 MP: 5/5
  1645 | D:4      | Found a shadowy altar of Dithmenos.
  1654 | D:4      | Became a worshipper of Dithmenos the Shadowed
  2040 | D:3      | Found a runed translucent door.
  2041 | D:3      | Noticed Golodhrim's ghost (amateur MiFi)
  2187 | D:3      | Found a bloodstained altar of Trog.
  2392 | D:4      | Reached XP level 6. HP: 47/48 MP: 4/6
  2533 | D:4      | Reached skill level 1 in Dodging
  2679 | D:5      | Entered Level 5 of the Dungeon
  2679 | D:5      | Noticed a phantom
  2708 | D:4      | Noticed an ogre
  2714 | D:4      | Killed an ogre
  2714 | D:4      | Reached * piety under Dithmenos
  2714 | D:4      | Reached skill level 1 in Throwing
  2743 | D:4      | Noticed Sigmund
  3082 | D:4      | Killed Sigmund
  3082 | D:4      | Reached XP level 7. HP: 48/55 MP: 5/7
  3143 | D:4      | Found a blossoming altar of Fedhas.
  3143 | D:4      | Found an opulent altar of Gozag.
  3148 | D:4      | Found an iron altar of Okawaru.
  3163 | D:4      | Found a white marble altar of Elyvilon.
  3177 | D:4      | Found a snail-covered altar of Cheibriados.
  3571 | D:5      | Reached XP level 8. HP: 47/61 MP: 8/8
  3618 | D:6      | Reached skill level 5 in Fighting
  3618 | D:6      | Reached skill level 5 in Shields
  4151 | D:5      | Reached XP level 9. HP: 50/68 MP: 5/9
  4319 | D:7      | Noticed a red ugly thing
  4382 | D:6      | Reached skill level 5 in Stealth
  4879 | D:6      | Reached ** piety under Dithmenos
  5778 | D:7      | Found a staircase to the Ecumenical Temple.
  5851 | Temple   | Entered the Ecumenical Temple
  5918 | D:7      | Got a fine robe
  5919 | D:7      | Identified the cursed +1 robe of Baldness {+Fly rPois
                  | Int+2} (You found it on level 7 of the Dungeon)
  5975 | D:7      | Reached skill level 5 in Short Blades
  6194 | D:6      | Slain by a killer bee

Levels and vault maps discovered:
D:1:      onia_arrival_handbag, layout_loops_cross, minmay_pentomino_v4
D:2:      layout_basic, first_ration
D:3:      layout_basic, ebering_ghost_reflecting_pool, minmay_hedge_maze,
          trog_butcher_becter
D:4:      layout_loops_ring, grunt_dithmenos_smoke_and_mirrors,
          chequers_temple_overflow_minitemple, uniq_sigmund
D:5:      layout_rooms
D:6:      layout_loops_ring
D:7:      layout_cave_pods, grunt_temple_overflow_open, temple_statues
D:8:      layout_layer_cave, makhleb_grotto_becter, uniq_pikel
Temple:   oiseaux_autumnal_temple

Skill      XL: |  1  2  3  4  5  6  7  8  9 |
---------------+----------------------------+-----
Stealth        | 1 2 3 4 5 |  5.8
Fighting       | 4 5 6 |  6.1
Shields        | 4 5 6 |  6.1
Dodging        | 1 2 3 4 |  4.4
Throwing       | 1 2 3 4 |  4.3
Short Blades   | 3 4 5 |  5.0
Armour         | |  3.0

Action                   |  1- 3 |  4- 6 |  7- 9 || total
-------------------------+-------+-------+-------++-------
Melee: Rapier            |   105 |   139 |   296 ||   540
       Dagger            |       |       |    50 ||    50
Throw: Dart              |       |    80 |    71 ||   151
  Use: Potion            |     5 |     2 |     1 ||     8
       Scroll            |     1 |     7 |     8 ||    16
 Stab: Sleeping          |     3 |     9 |     6 ||    18
  Eat: Chunk             |       |     7 |    10 ||    17
Armor: Scale mail        |    13 |       |       ||    13
       Robe              |    15 |    11 |       ||    26
       Leather armour    |       |     7 |    51 ||    58
       Skin              |       |       |     2 ||     2
Dodge: Dodged            |    44 |    22 |    84 ||   150
Block: Shield            |    59 |    19 |       ||    78
       Large shield      |       |    47 |   244 ||   291

Table legend:
 A = Non-vault XP
 B = Vault XP
 C = Vault XP percentage of total XP
 D = Non-vault monster count
 E = Vault monster count
 F = Vault count percentage of total count
                 A         B        C        D         E       F
            +---------+---------+-------+---------+---------+-------
      Total |    3136 |     255 |   7.5 |     123 |      13 |   9.6
            +---------+---------+-------+---------+---------+-------
        D:1 |      56 |      22 |  28.2 |      23 |       8 |  25.8
        D:2 |      68 |       0 |   0.0 |      18 |       0 |   0.0
        D:3 |      43 |      10 |  18.9 |      13 |       4 |  23.5
        D:4 |     278 |     223 |  44.5 |      17 |       1 |   5.6
        D:5 |    1208 |       0 |   0.0 |      23 |       0 |   0.0
        D:6 |     904 |       0 |   0.0 |      22 |       0 |   0.0
        D:7 |     452 |       0 |   0.0 |       4 |       0 |   0.0
        D:8 |     127 |       0 |   0.0 |       3 |       0 |   0.0
            +---------+---------+-------+---------+---------+-------
